 Dungeon Crawl Stone Soup version 0.25-a0-185-g6cfeca75b2 (webtiles) character file.

Game seed: 12547580023548376917, levelgen mode: deterministic

1087 MrRokkomies the Ruffian (level 8, -6/72 (73) HPs)
             Began as a Ghoul Monk on Nov 28, 2019.
             Mangled by an orc warrior
             ... wielding a +0 scimitar
              (12 damage)
             ... on level 5 of the Dungeon.
             The game lasted 00:08:00 (3517 turns).

MrRokkomies the Ruffian (Ghoul Monk)                Turns: 3517, Time: 00:08:00

HP:   -6/72 (73)    AC: 10    Str: 19    XL:     8   Next: 30%
MP:   7/7           EV: 11    Int:  5    God:
Gold: 271           SH:  0    Dex: 11    Spells: 6/7 levels left

rFire    . . .     SeeInvis .     - Unarmed
rCold    + . .     Gourm    .   (no shield)
rNeg     + + +     Faith    .   d - +0 chain mail
rPois    ∞         Spirit   .   a - +1 hat
rElec    .         Reflect  .   (no cloak)
rCorr    .         Harm     .   (no gloves)
MR       .....                  (no boots)
Stlth    ..........             (no amulet)
HPRegen  0.00/turn              n - +3 ring of evasion
MPRegen  0.10/turn              q - +2 ring of strength

@: very slightly contaminated, rotting, invisible
A: rotting body, claws 1, carnivore, cold resistance 1, negative energy
resistance 3, inhibited regeneration, torment resistance, unbreathing
a: no special abilities


You were on level 5 of the Dungeon.
You were not hungry.

You visited 2 branches of the dungeon, and saw 7 of its levels.

You collected 271 gold pieces.

Inventory:

Missiles
 g - a throwing net
 m - 4 javelins
 s - 6 boomerangs (quivered)
 t - 18 bolts
Armour
 a - a +1 hat (worn)
 d - a +0 chain mail (worn)
Jewellery
 n - a +3 ring of evasion (left claw)
 q - a +2 ring of strength (right claw)
Scrolls
 i - a scroll of amnesia {unknown}
 j - 3 scrolls of magic mapping {unknown}
 k - 3 scrolls of teleportation
 l - a scroll of fog {unknown}
 o - 5 scrolls of identify {unknown}
 u - a scroll of remove curse {unknown}
Potions
 e - 6 potions of curing
 f - a potion of flight {unknown}
 h - a potion of invisibility
 p - a potion of magic
 r - a potion of degeneration {unknown}
Comestibles
 b - 9 rations
 c - 7 chunks of flesh


   Skills:
 * Level 7.3 Fighting
 + Level 3.3 Armour
 - Level 3.0 Dodging
 - Level 2.1 Stealth
 * Level 7.3 Unarmed Combat


You had 6 spell levels left.
You knew the following spells:

 Your Spells              Type           Power        Failure   Level  Hunger
a - Confusing Touch       Hex            #.....       99%         1    ##.....

Your spell library contained the following spells:

 Spells                   Type           Power        Failure   Level  Hunger
 Animate Skeleton         Necr           N/A          99%         1    ##.....
 Apportation              Tloc           #.....       99%         1    ##.....
 Summon Small Mammal      Summ           #...         99%         1    ##.....


Dungeon Overview and Level Annotations

Branches:
Dungeon (6/15)             Temple (1/1) D:5

Altars:
Ashenzari
Cheibriados
Dithmenos
Elyvilon
Gozag
Hepliaklqana
Kikubaaqudgha
Makhleb
Nemelex Xobeh
Okawaru
Ru
Sif Muna
Trog
Uskayaw
Vehumet
Wu Jian
Yredelemnul
The Shining One

Annotations:
D:4 2 runed translucent doors, SkaryMonk's ghost, amateur FoAM


Innate Abilities, Weirdness & Mutations

Your body is rotting away.
You thrive on raw meat.
You are immune to poison.
You have sharp fingernails.
You are carnivorous and can eat meat at any time.
Your flesh is cold resistant. (rC+)
You are immune to negative energy. (rN+++)
You do not regenerate when monsters are visible.
You are immune to unholy pain and torment.
You can survive without breathing.


Message History

It was a potion of magic.
Magic courses through your body.
You catch the helpless orc warrior completely off-guard!
You scratch the orc warrior but do no damage.
The orc warrior barely misses you.
You scratch the orc warrior.
The orc warrior is moderately wounded.
You feel your flesh rotting away.
You scratch the orc warrior but do no damage.
The orc warrior is moderately wounded.
The orc warrior closely misses you.
You scratch the orc warrior but do no damage.
The orc warrior is moderately wounded.
The orc warrior hits you with a +0 scimitar.
* * * LOW HITPOINT WARNING * * *
You scratch the orc warrior but do no damage.
The orc warrior is moderately wounded.
You completely miss the orc warrior.
The orc warrior is moderately wounded.
The orc warrior hits you with a +0 scimitar!
You die...

...# #......########
##.####.............#
......'.............#
.#.####.............####
.#.# ####.##..........#
...##########........#
...#.................#
...#.#####...###.###.#
.......# #...###@###.#
.#.#.#.# #...##.o....#
...#.#.# #...##.)#..##
####.#.# #<..##.>#..#
.....#.# #...##..# .#
.#####.# #...##..# .#
.#.#...# #...##... #
........ .... ...#.###
##....


You could see an orc warrior.

Vanquished Creatures
  2 ogres (D:4)
  A bullfrog (D:5)
  A crimson imp (D:5)
  A centaur zombie (D:3)
  3 hounds
  3 orc priests
  A bullfrog skeleton (D:5)
  An iguana (D:4)
  Natasha (twice) (D:2)
  4 orc wizards
  8 worker ants
  9 adders
  An ooze (D:1)
  4 worms
  3 dart slugs
  2 leopard geckos
  23 orcs
  6 bats
  7 giant cockroaches
  8 goblins
  9 hobgoblins
  5 jackals
  A quokka (D:4)
  2 frilled lizards (D:3)
  A jackal skeleton (D:4)
  9 kobolds
  5 rats
122 creatures vanquished.

Notes
Turn   | Place    | Note
-------+----------+-------------------------------------------
     0 | D:1      | MrRokkomies the Ghoul Monk began the quest for the Orb.
     0 | D:1      | Reached XP level 1. HP: 19/19 MP: 0/0
    27 | D:1      | Reached XP level 2. HP: 22/26 MP: 1/1
   348 | D:1      | Reached XP level 3. HP: 33/33 MP: 2/2
   809 | D:2      | Reached XP level 4. HP: 33/39 MP: 3/3
   840 | D:2      | Noticed Natasha
   848 | D:2      | Killed Natasha
   865 | D:2      | Reached skill level 1 in Armour
   865 | D:2      | Reached XP level 5. HP: 37/47 MP: 4/4
  1222 | D:2      | Noticed Natasha
  1228 | D:2      | Killed Natasha
  1519 | D:3      | Reached skill level 5 in Unarmed Combat
  1547 | D:3      | Reached skill level 5 in Fighting
  1673 | D:3      | Reached XP level 6. HP: 56/56 MP: 5/5
  2146 | D:4      | Found a runed translucent door.
  2160 | D:4      | Noticed SkaryMonk's ghost (amateur FoAM)
  2175 | D:4      | Reached XP level 7. HP: 24/62 MP: 6/6
  2237 | D:4      | Learned a level 1 spell: Confusing Touch
  2397 | D:4      | Found a bloodstained altar of Trog.
  2974 | D:4      | Found a runed translucent door.
  3037 | D:4      | Reached XP level 8. HP: 66/71 MP: 7/7
  3182 | D:5      | Entered Level 5 of the Dungeon
  3210 | D:5      | Found a staircase to the Ecumenical Temple.
  3226 | D:5      | Found a snail-covered altar of Cheibriados.
  3226 | D:5      | Found a sacrificial altar of Ru.
  3249 | Temple   | Entered the Ecumenical Temple
  3517 | D:5      | Mangled by an orc warrior

Levels and vault maps discovered:
D:1:      wander_arrival_fairy_ring, layout_rooms, solitary_fountain
D:2:      layout_basic, uniq_natasha
D:3:      layout_rooms, first_ration
D:4:      layout_basic, ebering_ghost_sewer_f, trog_book
D:5:      layout_basic, nicolae_overflow_hidden_temple,
          minmay_temple_entry_drinking_statues, nzn_random_ring, uniq_sigmund
D:6:      layout_cave_pools
Temple:   compressed_dpeg_circular_temple

Skill      XL: |  1  2  3  4  5  6  7  8 |
---------------+-------------------------+-----
Dodging        | 3 |  3.0
Unarmed Combat | 4 5 6 7 |  7.3
Fighting       | 4 5 6 7 |  7.3
Armour         | 1 2 3 |  3.3
Stealth        | |  2.1

Action                   |  1- 3 |  4- 6 |  7- 9 || total
-------------------------+-------+-------+-------++-------
Melee: Unarmed           |   123 |   228 |   206 ||   557
       Punch             |     1 |     6 |     2 ||     9
Throw: Boomerang         |       |     4 |       ||     4
  Use: Scroll            |     1 |       |       ||     1
       Potion            |       |       |     3 ||     3
 Stab: Invisible         |       |       |     1 ||     1
  Eat: Chunk             |     3 |    11 |    21 ||    35
Armor: Robe              |    13 |       |       ||    13
       Chain mail        |    51 |    99 |    97 ||   247
Dodge: Dodged            |    68 |   116 |   111 ||   295

Table legend:
 A = Non-vault XP
 B = Vault XP
 C = Vault XP percentage of total XP
 D = Non-vault monster count
 E = Vault monster count
 F = Vault count percentage of total count
                 A         B        C        D         E       F
            +---------+---------+-------+---------+---------+-------
      Total |    1518 |      35 |   2.3 |     121 |       1 |   0.8
            +---------+---------+-------+---------+---------+-------
        D:1 |      54 |       0 |   0.0 |      27 |       0 |   0.0
        D:2 |     148 |      35 |  19.1 |      20 |       1 |   4.8
        D:3 |     201 |       0 |   0.0 |      30 |       0 |   0.0
        D:4 |     791 |       0 |   0.0 |      34 |       0 |   0.0
        D:5 |     324 |       0 |   0.0 |      10 |       0 |   0.0
            +---------+---------+-------+---------+---------+-------
